 Dungeon Crawl Stone Soup version 0.20-a0-502-g555d78b (webtiles) character file.

273 M4edhros the Sneak (level 6, -13/38 HPs)
             Began as an Octopode Artificer on Jan 20, 2017.
             Was an Initiate of Gozag.
             Mangled by a two-headed ogre
             ... wielding a +0 giant club
              (26 damage)
             ... on level 4 of the Dungeon.
             The game lasted 00:03:52 (2911 turns).

M4edhros the Sneak (Octopode Artificer)             Turns: 2911, Time: 00:03:54

Health: -13/38     AC:  1    Str: 12    XL:     6   Next: 23%
Magic:  8/8        EV:  9    Int: 17    God:    Gozag
Gold:   347        SH: 11    Dex: 14    Spells: 5/5 levels left

rFire    . . .     SeeInvis .   D - +2 dagger (chaos)
rCold    . . .     Gourm    .   s - +0 large shield
rNeg     . . .     Faith    .   (helmet restricted)
rPois    .         Spirit   .   p - amulet of regeneration
rElec    .         Reflect  .   k - +4 ring of intelligence
rCorr    +         Harm     .   C - ring of resist corrosion
MR       .....                  (no ring)
Stlth    ++++......             (no ring)
Regen    0.6/turn               (no ring)
                                (no ring)
                                (no ring)
                                (no ring)

@: no status effects
A: almost no armour, stealthy swim, amphibious, 8 rings, constrict 8, camouflage
1, gelatinous body 1
a: Potion Petition, Call Merchant, Bribe Branch, Renounce Religion


You were on level 4 of the Dungeon.
You worshipped Gozag.
Gozag was aware of your devotion.
You were near starving.

You visited 1 branch of the dungeon, and saw 4 of its levels.

You collected 406 gold pieces.
You paid 59 gold pieces to Gozag.

Inventory:

Hand Weapons
 a - a +0 short sword
 D - a +2 dagger of chaos (weapon)
Missiles
 i - 92 stones (quivered)
Armour
 s - a +0 large shield (worn)
Jewellery
 k - a +4 ring of intelligence (left tentacle)
 p - an amulet of regeneration (around mantle)
 q - an uncursed ring of teleportation
 C - a ring of resist corrosion (right tentacle)
Wands
 b - a wand of flame (8/48)
 c - a wand of enslavement (12/24)
 d - a wand of random effects (13/48)
 y - a wand of iceblast (3/15)
Scrolls
 e - a scroll of remove curse
 g - a scroll of random uselessness {unknown}
 j - 2 scrolls of magic mapping {unknown}
 l - a scroll of blinking {unknown}
 m - a scroll of enchant armour {unknown}
 n - a scroll of amnesia {unknown}
 o - a scroll of fog {unknown}
 v - a scroll of immolation {unknown}
 w - a scroll of teleportation {unknown}
Potions
 r - a potion of brilliance {unknown}
 t - a potion of haste {unknown}
 x - a potion of cancellation {unknown}
 z - a potion of flight {unknown}
 A - a potion of agility {unknown}
 B - 2 potions of curing
Books
 h - a book of Changes

   Spells                             Type                      Level
   a - Beastly Appendage              Transmutation                1
   b - Sticks to Snakes               Transmutation                2
   c - Spider Form                    Transmutation/Poison         3
   d - Ice Form                       Ice/Transmutation            4
   e - Blade Hands                    Transmutation                5
Comestibles
 f - 5 bread rations
 u - a meat ration


   Skills:
 + Level 1.6 Fighting
 - Level 1.0 Short Blades
 + Level 2.5 Dodging
 + Level 7.1 Stealth
 * Level 2.1 Shields
 + Level 3.5 Evocations


You had 5 spell levels left.
You didn't know any spells.

Dungeon Overview and Level Annotations

Branches:
Dungeon (4/15)
 Temple: D:4-7

Altars:
Gozag
Nemelex Xobeh
Xom

Annotations:
D:3 Kwzr's ghost, amateur DsFi


Innate Abilities, Weirdness & Mutations

You cannot wear most types of armour.
You are very stealthy in the water. (Stealth+)
You are amphibious.
You can wear up to eight rings at the same time.
You can use your tentacles to constrict eight enemies at once.
Your skin changes colour to match your surroundings (Stealth+).
Your rubbery body absorbs attacks. (AC +1, EV +1)


Message History

There is an escape hatch in the floor here.
A two-headed ogre is nearby!
The helpless two-headed ogre fails to defend itself.
You impale the two-headed ogre!! You squeeze the two-headed ogre!
The two-headed ogre is severely wounded.
The two-headed ogre hits you with a giant club!!
The two-headed ogre hits you with a giant spiked club!
A two-headed ogre is nearby!
You are too injured to fight recklessly!
Evoke which item? (* to show all) (? for menu, Esc to quit)
Aiming: Iceblast (will waste charges)
Press: ? - help, Shift-Dir - straight line The mass of ice explodes!
The iceblast engulfs the two-headed ogre.
The two-headed ogre is almost dead.
Evoking this partially-identified wand wasted a few charges.
The two-headed ogre hits you with a giant club!!
Ouch! That really hurt!
You die...
Your body crumbles into a pile of gold.

................#
...................
#........#........# #
##........#... .... #.
#.......#.#.#####.#.
#..#...............#.#.
##.........##..##......
##...........#.....##.##
......O@..##.....####.##
.......#>####..### #.#
.........#.....#### #.#
$
#..###.............##.#
#.#.........####........
............# #.###.#.
..........># .# #.##
#...######## . ###. .


You could see a two-headed ogre.

Vanquished Creatures
  4 crimson imps
  2 worker ants (D:4)
  2 adders
  2 oozes (D:1)
  5 worms
  A dart slug (D:1)
  2 orcs (D:3)
  3 bats
  A giant cockroach (D:3)
  6 goblins
  5 hobgoblins
  2 quokkas (D:3)
  A ball python (D:2)
  4 frilled lizards
  9 kobolds
  7 rats
56 creatures vanquished.

Notes
Turn   | Place    | Note
-------+----------+-------------------------------------------
     0 | D:1      | M4edhros the Octopode Artificer began the quest for the Orb.
     0 | D:1      | Reached XP level 1. HP: 13/13 MP: 3/3
    46 | D:1      | Reached skill level 2 in Stealth
    75 | D:1      | Reached XP level 2. HP: 9/18 MP: 4/4
    78 | D:1      | Reached skill level 3 in Stealth
   464 | D:2      | Reached skill level 4 in Stealth
   468 | D:2      | Reached XP level 3. HP: 15/23 MP: 5/5
   545 | D:3      | Noticed Kwzr's ghost (amateur DsFi)
   924 | D:4      | Reached skill level 5 in Stealth
   926 | D:4      | Found an opulent altar of Gozag.
   927 | D:4      | Found a sparkling altar of Nemelex Xobeh.
  1075 | D:4      | Became a worshipper of Gozag Ym Sagoz the Greedy
  1124 | D:4      | Reached XP level 4. HP: 11/28 MP: 6/6
  1127 | D:3      | Found a shimmering altar of Xom.
  1209 | D:2      | Reached skill level 6 in Stealth
  1672 | D:1      | Reached XP level 5. HP: 29/33 MP: 7/7
  2095 | D:3      | Reached skill level 1 in Shields
  2303 | D:3      | Reached skill level 7 in Stealth
  2303 | D:3      | Reached XP level 6. HP: 17/38 MP: 8/8
  2908 | D:4      | Noticed a two-headed ogre
  2911 | D:4      | Mangled by a two-headed ogre

Vault maps used:
D:1:      eino_arrival_water_cross
D:2:      first_bread, kennysheep_cluttered_room
D:3:      led_xom_imps
D:4:      grunt_temple_overflow_opulence, kennysheep_ying_yang,
          nicolae_overflow_hidden_temple, glass_columns_a, kennysheep_potato

Skill      XL: |  1  2  3  4  5  6 |
---------------+-------------------+-----
Stealth        | 2 4 5 6 7 |  7.1
Shields        | 1 2 |  2.1
Fighting       | |  1.6
Short Blades   | |  1.0
Dodging        | |  2.5
Evocations     | |  3.5

Action                   |  1- 3 |  4- 6 || total
-------------------------+-------+-------++-------
Melee: Short sword       |    41 |    94 ||   135
       Tentacles         |     7 |    20 ||    27
       Constrict         |     8 |    22 ||    30
       Dagger            |       |     5 ||     5
Evoke: Wand              |     8 |     5 ||    13
  Use: Potion            |     1 |       ||     1
       Scroll            |       |     1 ||     1
 Stab: Sleeping          |     7 |    17 ||    24
  Eat: Bread ration      |       |     1 ||     1
Armor: Skin              |     3 |     6 ||     9
Dodge: Dodged            |    19 |    26 ||    45
Block: Large shield      |       |    28 ||    28
